 Dungeon Crawl Stone Soup version 0.30.1-3-gfc49f6343a (webtiles) character file.

Game seed: 2195573779909621310

2100 Creatimnix the Spear-Bearer (level 9, 0/78 HPs)
             Began as a Minotaur Berserker on July 27, 2023.
             Was a Priest of Trog.
             Succumbed to a killer bee's poison
             ... on level 7 of the Dungeon.
             The game lasted 00:19:34 (6234 turns).

Creatimnix the Spear-Bearer (Minotaur Berserker)    Turns: 6234, Time: 00:19:34

Health: 0/78       AC: 15    Str: 30    XL:     9   Next: 7%
Magic:  8/8        EV:  9    Int:  3    God:    Trog [***...]
Gold:   240        SH:  0    Dex:  9    Spells: 8/8 levels left

rFire   + . .        a - +0 halberd
rCold   . . .        (shield currently unavailable)
rNeg    . . .        s - +2 plate armour
rPois   +            (helmet restricted)
rElec   +            (no cloak)
rCorr   +            (no gloves)
SInv    .            (no boots)
Will    .....        (no amulet) Stlth
                     (no ring)
HPRegen 0.33/turn    (no ring)
MPRegen 0.11/turn

%: clarity
@: lethally poisoned (0 -> -2), resistant, on berserk cooldown, slowed, very
slow
A: horns 2, retaliatory headbutt, clarity, strong 1, cold vulnerability 1
a: Renounce Religion, Berserk, Trog's Hand


You were on level 7 of the Dungeon.
You worshipped Trog.
Trog was most pleased with you.
You visited 1 branch of the dungeon, and saw 7 of its levels.

You collected 240 gold pieces.

Inventory:

Hand Weapons
 a - a +0 halberd (weapon)
Missiles
 e - 8 boomerangs
 g - a throwing net (quivered)
Armour
 s - a +2 plate armour (worn)
Scrolls
 b - a scroll of enchant armour
 k - 2 scrolls of teleportation
 n - 3 scrolls of fog
 r - a scroll of silence
Potions
 c - a potion of magic
 i - 2 potions of berserk rage
 l - a potion of invisibility


   Skills:
 + Level 6.6 Fighting
 + Level 2.2 Maces & Flails
 + Level 10.6 Polearms
 + Level 6.8 Armour
 + Level 4.2 Dodging
 + Level 1.8 Stealth


You had 8 spell levels left.
You didn't know any spells.
Your spell library was empty.

Dungeon Overview and Level Annotations

Branches:
Dungeon (7/15)             Temple (0/1) D:6

Altars:
Gozag
Hepliaklqana

Shops:
D:4 (   D:5 *

Annotations:
D:7 Duvessa


Innate Abilities, Weirdness & Mutations

You have a pair of horns on your head.
You reflexively headbutt those who attack you in melee.
You possess an exceptional clarity of mind.
Your muscles are strong. (Str +4, Int/Dex -1)
You are vulnerable to cold. (rC-)


Message History

You feel sick. The killer bee closely misses you. You furiously retaliate!
You headbutt the killer bee! You miss the killer bee.
The killer bee is severely wounded.
You feel sick. The killer bee stings you.
* * * LOW HITPOINT WARNING * * *
The gnoll hits you but does no damage.
The killer bee stings you but does no damage.
Unknown command.
You closely miss the killer bee.
The killer bee is severely wounded.
You feel sick. The killer bee stings you.
* * * LOW HITPOINT WARNING * * *
The gnoll barely misses you. You furiously retaliate!
You headbutt the gnoll!!
You kill the gnoll!
Trog accepts your kill.
You barely miss the killer bee. Your headbutt misses the killer bee.
The killer bee is severely wounded.
You feel sick. The killer bee closely misses you.
Unknown command.
You hit the killer bee.
You kill the killer bee!
Trog accepts your kill.
You feel sick.
You are no longer berserk.
You are exhausted.
You feel yourself slow down.
* * * LOW HITPOINT WARNING * * *
You feel sick.
You see here a killer bee corpse.
Unknown command.
Okay, then.
You feel protected.
* * * LOW HITPOINT WARNING * * *
You feel sick.
Unknown command.
Okay, then.
As you read the scroll of enchant armour, it crumbles to dust.
Your +1 plate armour glows green for a moment.
You die...

#.....#...# .. #. #.....#...+ ..
#.......#.
#.....#...##########'###.......#.
#.....#...#....................#.
#.....'...#....................+.
#.....#...#....................#.
##....#...#....................#.
#.....#...#......).............#.
#....##...#...).@..............#.
##...##...#.....)..............#.
....#....#....##'##...........'.
##...#....#....#...#...........#.
#....#....#.<.#...........##
###'##....#...#....#######..
######.........#...#....# #..
#.........^....#####....# #..
#.......(..##'###.......# #..


There were no monsters in sight!

Vanquished Creatures
  Sigmund (D:4)
  Eustachio (D:5)
  Edmund (D:4)
  An orc warrior (D:6)
  A sky beast (D:6)
  5 ogres
  2 centaurs (D:6)
  A phantom (D:4)
  A bullfrog (D:6)
  A scorpion (D:5)
  4 killer bees (D:7)
  3 jellies
  3 hounds
  An orc priest (D:6)
  A sleepcap (D:6)
  3 iguanas
  An orc wizard (D:6)
  6 gnolls
  4 adders
  A shadow imp (D:5)
  An ufetubus (D:5)
  2 worms
  2 dart slugs (D:3)
  20 orcs
  5 endoplasms
  3 giant cockroaches
  6 goblins
  6 hobgoblins
  6 jackals (D:4)
  4 quokkas
  10 ball pythons
  4 bats
  9 frilled lizards
  6 kobolds
  10 rats
136 creatures vanquished.

Notes
Turn   | Place    | Note
-------+----------+-------------------------------------------
     0 | D:1      | Creatimnix the Minotaur Berserker began the quest for the
                  | Orb.
     0 | D:1      | Reached XP level 1. HP: 19/19 MP: 0/0
    74 | D:1      | Reached skill level 4 in Polearms
    87 | D:1      | Reached XP level 2. HP: 27/27 MP: 1/1
   914 | D:2      | Reached XP level 3. HP: 33/33 MP: 2/2
   950 | D:2      | Reached ** piety under Trog
  1665 | D:2      | Gained mutation: You possess an exceptional clarity of
                  | mind. [potion of mutation]
  1665 | D:2      | Gained mutation: Your muscles are strong. (Str +4, Int/Dex
                  | -1) [potion of mutation]
  1665 | D:2      | Gained mutation: You are vulnerable to cold. (rC-) [potion
                  | of mutation]
  1961 | D:3      | Found a hazy altar of Hepliaklqana.
  1974 | D:3      | Reached XP level 4. HP: 41/41 MP: 3/3
  2060 | D:3      | Reached skill level 5 in Polearms
  2074 | D:3      | Found a faded altar of an unknown god.
  2558 | D:4      | Noticed Edmund
  2566 | D:4      | Killed Edmund
  2567 | D:4      | Reached skill level 5 in Fighting
  2567 | D:4      | Reached XP level 5. HP: 48/48 MP: 4/4
  2756 | D:4      | Reached skill level 1 in Stealth
  2865 | D:4      | Reached *** piety under Trog
  2866 | D:4      | Reached skill level 1 in Maces & Flails
  2868 | D:4      | Reached skill level 6 in Polearms
  3023 | D:4      | Reached XP level 6. HP: 55/56 MP: 5/5
  3090 | D:4      | Found Amaabe's Antique Weapon Shop.
  3444 | D:4      | Noticed Sigmund
  3454 | D:4      | Killed Sigmund
  3455 | D:4      | Reached skill level 7 in Polearms
  3455 | D:4      | Reached XP level 7. HP: 61/61 MP: 6/6
  3897 | D:5      | Entered Level 5 of the Dungeon
  3952 | D:5      | Noticed Eustachio
  3963 | D:5      | Killed Eustachio
  4101 | D:5      | Reached skill level 5 in Armour
  4219 | D:5      | Reached skill level 8 in Polearms
  4298 | D:5      | Reached XP level 8. HP: 67/70 MP: 7/7
  4478 | D:5      | Found Taer's Assorted Antiques.
  4915 | D:6      | Found a staircase to the Ecumenical Temple.
  4926 | D:6      | Reached skill level 9 in Polearms
  5276 | D:6      | Reached skill level 10 in Polearms
  5898 | D:7      | Found an opulent altar of Gozag.
  5937 | D:7      | Noticed Duvessa
  6222 | D:7      | Reached XP level 9. HP: 31/78 MP: 8/8
  6231 | D:7      | HP: 5/117 [poisoned by a killer bee]
  6232 | D:7      | HP: 2/78 [poisoned by a killer bee]
  6234 | D:7      | Succumbed to a killer bee's poison

Illustrated notes

Levels and vault maps discovered:
D:1:      onia_arrival_handbag, layout_loops_ring, grunt_decor_cap
D:2:      layout_loops_ring, dreamdust_princess_corridor
D:3:      layout_basic, old_standard_altar,
          hellmonk_ecumenical_altar_heavens_door, nrook_loot_triangle
D:4:      layout_loops_cross, serial_shops, nicolae_shop_behind_doors,
          minmay_misc_feat_hallway, hex_large, uniq_sigmund, uniq_edmund
D:5:      layout_gridville, serial_shops, shop, uniq_eustachio
D:6:      layout_basic, minmay_temple_entry_sparse_star
D:7:      layout_gridville, overflow_temple_1_default, nicolae_grassy_gnolls,
          uniq_duvessa

Skill      XL: |  1  2  3  4  5  6  7  8 |
---------------+-------------------------+-----
Polearms       | 4 5 6 7 8 10 | 10.6
Fighting       | 4 5 6 |  6.6
Dodging        | 3 4 |  4.2
Stealth        | 1 |  1.8
Maces & Flails | 1 2 |  2.2
Armour         | 3 4 5 6 |  6.8

Action                     |  1- 3 |  4- 6 |  7- 9 || total
---------------------------+-------+-------+-------++-------
  Melee: Spear             |   120 |    27 |       ||   147
         Headbutt          |    11 |    17 |    14 ||    42
         Flail             |       |    16 |       ||    16
         Halberd           |       |    45 |   106 ||   151
         Punch             |       |     1 |       ||     1
 Invoke: Berserk           |       |     3 |     6 ||     9
    Use: Scroll            |     5 |     2 |     8 ||    15
         Potion            |     2 |     1 |     8 ||    11
   Stab: Sleeping          |       |     1 |       ||     1
 Armour: Animal skin       |    17 |     2 |       ||    19
         Scale mail        |       |    19 |       ||    19
         Chain mail        |       |    20 |    32 ||    52
         Plate armour      |       |       |    59 ||    59
  Dodge: Dodged            |    78 |    58 |    71 ||   207
